 Seeded DCSS version 0.28-a0-863-g8cecda6 (webtiles) character file.

Game seed: 5443787579401994555 (custom seed)

4996 Illumine the Grappler (level 10, -3/77 HPs)
             Began as a Demonspawn Fighter on Nov 15, 2021.
             Was a Priest of Nemelex Xobeh.
             Slain by Snorg (4 damage)
             ... on level 9 of the Dungeon on Nov 16, 2021.
             The game lasted 00:28:39 (11735 turns).

Illumine the Grappler (Demonspawn Fighter)         Turns: 11735, Time: 00:28:39

Health: -3/77      AC:  7    Str: 19    XL:     10   Next: 29%
Magic:  15/15      EV: 14    Int: 13    God:    Nemelex Xobeh [***...]
Gold:   220        SH: 14    Dex: 14    Spells: 9/9 levels left

rFire   . . .      SeeInvis +     - Unarmed
rCold   . . .      Faith    .   b - +0 buckler
rNeg    + . .      Spirit   .   y - +0 steam dragon scales
rPois   .          Reflect  +   K - +0 helmet
rElec   .          Harm     .   B - +0 cloak {rCorr}
rCorr   +          Rampage  .   (no gloves)
Will    .....                   (no boots)
Stlth   +.........              A - amulet of reflection
HPRegen 0.22/turn               c - ring of positive energy
MPRegen 0.14/turn               E - ring of see invisible

@: no status effects
A: hooves 2, foul stench 2, big brain 3, condensation shield, dopey 1
a: Renounce Religion, Draw Escape, Draw Destruction, Draw Summoning, Triple Draw


You were on level 9 of the Dungeon.
You worshipped Nemelex Xobeh.
Nemelex Xobeh was most pleased with you.
You visited 2 branches of the dungeon, and saw 11 of its levels.

You collected 446 gold pieces.
You spent 226 gold pieces at shops.

Inventory:

Hand Weapons
 q - a +0 hunting sling
Missiles
 e - 3 javelins
 f - 499 stones (quivered)
 r - 3 boomerangs
Armour
 b - a +0 buckler (worn)
 k - a +1 robe of cold resistance
 y - +0 steam dragon scales (worn)
 B - a +0 cloak of preservation (worn)
 K - a +0 helmet (worn)
Jewellery
 c - a ring of positive energy (left hand)
 u - an amulet of magic regeneration
 w - the amulet of Iqaheoz {Harm Regen+ rCorr Dex+8 Stlth-}
   (You bought it in a shop on level 4 of the Dungeon)

   [amulet of regeneration]

   Dex:       It affects your dexterity (+8).
   Regen:     It increases your rate of health regeneration.
   rCorr:     It protects you from acid and corrosion.
   Harm:      It increases damage dealt and taken.
   Stlth:     It makes you less stealthy.
 A - an amulet of reflection (around neck)
 E - a ring of see invisible (right hand)
Wands
 p - a wand of polymorph (13)
 F - a wand of acid (9)
 I - a wand of flame (24)
 L - a wand of paralysis (5)
Scrolls
 g - a scroll of enchant weapon
 h - 4 scrolls of teleportation
 l - 2 scrolls of fear
 m - a scroll of amnesia {unknown}
 n - 2 scrolls of silence {unknown}
 t - a scroll of vulnerability {unknown}
 C - a scroll of immolation {unknown}
 G - a scroll of enchant armour {unknown}
 J - a scroll of summoning {unknown}
Potions
 a - a potion of might
 d - 2 potions of mutation
 i - a potion of heal wounds {unknown}
 j - a potion of magic
 o - a potion of flight {unknown}
 s - 2 potions of attraction
 v - 3 potions of lignification
 x - a potion of resistance {unknown}
 z - 2 potions of haste
 D - 2 potions of invisibility
 H - 2 potions of curing {unknown}


   Skills:
 + Level 6.6 Fighting
 - Level 2.6 Armour
 + Level 5.2 Dodging
 - Level 4.1 Shields
 * Level 9.3 Unarmed Combat
 + Level 7.6 Invocations
 + Level 3.9 Evocations


You had 9 spell levels left.
You didn't know any spells.
Your spell library contained the following spells:

 Spells                   Type           Power      Damage    Failure   Level
 Inner Flame              Hex/Fire       0%         N/A       34%         3
 Ozocubu's Armour         Ice            0%         N/A       34%         3
 Cause Fear               Hex            0%         N/A       73%         4
 Metabolic Englaciation   Hex/Ice        0%         N/A       96%         5
 Summon Forest            Summ/Tloc      0%         N/A       96%         5
 Simulacrum               Ice/Necr       0%         N/A       100%        6
 Dragon Form              Tmut           0%         N/A       100%        7
 Discord                  Hex            0%         N/A       100%        8
 Necromutation            Tmut/Necr      0%         N/A       100%        8


Dungeon Overview and Level Annotations

Branches:
Dungeon (10/15)            Temple (1/1) D:4
   Lair: D:8-11         Orc: D:9-12

Altars:
Ashenzari
Cheibriados
Dithmenos
Elyvilon
Fedhas
Gozag
Hepliaklqana
Makhleb
Nemelex Xobeh
Okawaru
Qazlal
Ru
Sif Muna
Trog
Uskayaw
Wu Jian
Xom
The Shining One

Shops:
D:1 :   D:2 ?   D:4 [*   D:5 (

Annotations:
D:8 2 transporters, Taxman66's ghost, novice HuCK
D:9 Snorg


Innate Abilities, Weirdness & Mutations

You have hoof-like feet.
You sometimes emit foul miasma when damaged in melee.
You have an absolutely massive brain. (Int +6, Wiz)
A meltable shield of frost defends you. (SH +4)
You are dopey. (Int -2)


Message History

a +0 dagger; a +0 robe; an orc corpse You block the orc's attack.
The orc barely misses you. You block Snorg's attack. Snorg closely misses you.
Snorg misses you.
You climb upwards.
There is a stone staircase leading down here.
Unknown command.
Snorg bites you but does no damage. Snorg completely misses you.
Snorg misses you. The orc closely misses you.
You draw a card...
You have drawn the Orb.
Press: ? - help, Shift-Dir - straight line, f - Snorg
Aim: Snorg (berserk)
The wavering orb of destruction weakly hits the orc!!
You blow up the orc!
The wavering orb of destruction weakly hits the orc!!
You blow up the orc!
You block Snorg's attack. Snorg completely misses you. Snorg claws you!
Your orb of destruction hits a rock wall.
Unknown command.
Your orb of destruction hits a rock wall. x2
You block Snorg's attack. Snorg completely misses you.
You block Snorg's attack.
You draw a card...
You have drawn the Orb.
Press: ? - help, Shift-Dir - straight line, f/p - Snorg
Aim: Snorg (berserk, ally target)
The wavering orb of destruction weakly hits Snorg!!
Snorg is lightly wounded.
Snorg barely misses you. Snorg claws you! x2
Your orb of destruction hits a rock wall. x2
Snorg bites you!!
* * * LOW HITPOINT WARNING * * *
You emit a cloud of foul miasma!
Snorg claws you!
* * * LOW HITPOINT WARNING * * *
Snorg claws you.
* * * LOW HITPOINT WARNING * * *
Snorg is engulfed in dark miasma.
Snorg is poisoned.
Snorg misses you. Snorg claws you.
You die...
Your body glows with a rainbow of weird colours and disappears.

#############.#######.##.#
#<....[..................########
#############.####....####.......
#......+....#[.+....!..
#.#.####....#.##....... #.#.#
#....#.##.......
#.#.####.##.#.##.......
####.#..○°○○##.#.##.......
#......○○@.###.#.##.......
#....☼○°T°°☼..<...........
#....☼○>)○.○..............
#...*○..[○.#○##.....######
##..○...☼..*.##.....# #
#..°..*......'.....# #
#...○......###.....# #
#...○......# ####### #
#..........########## #


You could see Snorg (berserk, poisoned, ally target).

Vanquished Creatures
  Maggie (D:7)
  A hornet (D:8)
  3 yaks (D:9)
  A steam dragon (D:6)
  Menkaure (D:7)
  Duvessa (D:7)
  A water moccasin (D:8)
  4 orc warriors
  3 sky beasts
  A black bear (D:5)
  2 necrophages
  2 centaurs (D:8)
  A phantom (D:5)
  A gnoll sergeant (D:9)
  2 bullfrogs
  2 scorpions
  A wyvern skeleton (D:7)
  Dowan (D:7)
  A water moccasin skeleton (D:5)
  10 killer bees
  3 wights (D:8)
  3 howler monkeys (D:7)
  3 centaur zombies
  2 hounds
  2 bullfrog skeletons
  8 orc priests
  A centaur skeleton (D:5)
  4 jellies
  A gnoll shaman (D:7)
  2 iguanas
  Terence (D:2)
  13 orc wizards
  3 killer bee zombies
  A hound skeleton (D:5)
  10 gnolls
  2 adders
  2 shadow imps
  A white imp (D:6)
  2 ufetubi (D:5)
  A worm (D:3)
  A dart slug (D:1)
  39 orcs
  2 ball pythons
  8 bats
  13 endoplasms
  7 goblins
  11 hobgoblins
  7 jackals
  4 kobolds
  2 quokkas
  3 frilled lizards
  5 rats
207 creatures vanquished.

Vanquished Creatures (others)
  5 fungi (D:3)
  6 plants
11 creatures vanquished.

Grand Total: 218 creatures vanquished

Notes
Turn   | Place    | Note
-------+----------+-------------------------------------------
     0 | D:1      | Illumine the Demonspawn Fighter began the quest for the
                  | Orb.
     0 | D:1      | Reached XP level 1. HP: 18/18 MP: 1/1
    84 | D:1      | Reached skill level 2 in Unarmed Combat
   596 | D:1      | Gained mutation: You have large cloven feet. [demonic
                  | ancestry]
   596 | D:1      | Reached XP level 2. HP: 18/24 MP: 2/2
   781 | D:1      | Found Piorat's Book Boutique.
  1395 | D:1      | Gained mutation: A meltable shield of frost defends you.
                  | (SH +4) [demonic ancestry]
  1395 | D:1      | Reached XP level 3. HP: 29/29 MP: 3/3
  1642 | D:2      | Reached skill level 3 in Unarmed Combat
  1782 | D:2      | Noticed Terence
  2132 | D:1      | Upgraded the game from 0.28-a0-861-ge64d6db to
                  | 0.28-a0-862-g58c29a6
  2140 | D:2      | Gained mutation: You are dopey. (Int -2) [potion of
                  | mutation]
  2140 | D:2      | Gained mutation: You have hidden genetic defects. [potion
                  | of mutation]
  2140 | D:2      | Gained mutation: You have hoof-like feet. [potion of
                  | mutation]
  2140 | D:2      | Lost mutation: You have hidden genetic defects. [potion of
                  | mutation]
  2148 | D:2      | Killed Terence
  2149 | D:2      | Gained mutation: You may rarely emit foul miasma when
                  | damaged in melee. [demonic ancestry]
  2149 | D:2      | Reached XP level 4. HP: 13/35 MP: 4/4
  2786 | D:2      | Found Yzidiamu's Magic Scroll Shoppe.
  2792 | D:2      | Bought a scroll of identify for 24 gold pieces
  2792 | D:2      | Bought a scroll of fear for 42 gold pieces
  3006 | D:3      | Found a faded altar of an unknown god.
  3029 | D:3      | Found a broken altar of Ashenzari.
  3798 | D:4      | Noticed an ice beast
  3982 | D:4      | Reached skill level 4 in Unarmed Combat
  3982 | D:4      | Reached XP level 5. HP: 25/41 MP: 5/5
  4422 | D:4      | Found Kabral's Armour Shop.
  4501 | D:4      | Found Beikaqaifo's Assorted Antiques.
  4507 | D:4      | Bought an ancient silver amulet for 160 gold pieces
  4507 | D:4      | Identified the amulet of Iqaheoz {Harm Regen+ rCorr Dex+8
                  | Stlth-} (You bought it in a shop on level 4 of the Dungeon)
  4517 | D:4      | Mutation became permanent: You have large cloven feet.
                  | [demonic ancestry]
  4517 | D:4      | Gained mutation: You have hoof-like feet. [demonic
                  | ancestry]
  4517 | D:4      | Reached XP level 6. HP: 47/47 MP: 6/6
  4585 | D:4      | Found a staircase to the Ecumenical Temple.
  4591 | Temple   | Entered the Ecumenical Temple
  4740 | Temple   | Became a worshipper of Nemelex Xobeh the Trickster
  5041 | D:5      | Entered Level 5 of the Dungeon
  5270 | D:5      | Found a hazy altar of Hepliaklqana.
  5302 | D:5      | Reached skill level 5 in Unarmed Combat
  5302 | D:5      | Reached skill level 1 in Invocations
  5340 | D:5      | Reached skill level 1 in Dodging
  5622 | D:5      | Gained mutation: You have an unusually large brain. (Int
                  | +2) [demonic ancestry]
  5622 | D:5      | Reached XP level 7. HP: 49/52 MP: 8/8
  5648 | D:5      | Reached * piety under Nemelex Xobeh
  6359 | D:5      | Found a burning altar of Makhleb.
  6516 | D:5      | Found Menul's Antique Weapon Boutique.
  6628 | D:6      | Received a gift from Nemelex Xobeh
  6759 | D:5      | Reached skill level 6 in Unarmed Combat
  6878 | D:5      | Gained mutation: You have an extremely huge brain. (Int +4)
                  | [demonic ancestry]
  6878 | D:5      | Reached XP level 8. HP: 27/61 MP: 10/10
  7420 | D:6      | Reached skill level 7 in Unarmed Combat
  7757 | D:6      | Reached skill level 5 in Fighting
  7757 | D:6      | Reached skill level 5 in Invocations
  7842 | D:6      | Found a shimmering altar of Xom.
  8147 | D:7      | Reached ** piety under Nemelex Xobeh
  8151 | D:7      | Noticed Duvessa
  8152 | D:7      | Noticed Dowan
  8164 | D:7      | Killed Duvessa
  8165 | D:7      | Killed Dowan
  8180 | D:7      | Gained mutation: You sometimes emit foul miasma when
                  | damaged in melee. [demonic ancestry]
  8180 | D:7      | Reached XP level 9. HP: 45/68 MP: 13/13
  8229 | D:7      | Reached skill level 1 in Evocations
  8441 | D:7      | Noticed Menkaure
  8450 | D:7      | Killed Menkaure
  8453 | D:7      | Noticed Maggie
  8469 | D:7      | Killed Maggie
  8470 | D:7      | Reached skill level 8 in Unarmed Combat
  9159 | D:7      | Upgraded the game from 0.28-a0-862-g58c29a6 to
                  | 0.28-a0-863-g8cecda6
  9326 | D:8      | Found a transporter.
  9328 | D:8      | Found a transporter.
  9333 | D:8      | Noticed Taxman66's ghost (novice HuCK)
  9334 | D:8      | Found a bloodstained altar of Trog.
  9335 | D:8      | Noticed a moth of wrath
  9344 | D:8      | Noticed a troll
  9360 | D:8      | Got the Reference Book on Warped Transmigration
  9371 | D:8      | Found an iron altar of Okawaru.
  9407 | D:8      | Received a gift from Nemelex Xobeh
 10508 | D:9      | Received a gift from Nemelex Xobeh
 10566 | D:9      | Found a shimmering blue altar of Sif Muna.
 10655 | D:9      | Gained mutation: You have an absolutely massive brain. (Int
                  | +6, Wiz) [demonic ancestry]
 10655 | D:9      | Reached XP level 10. HP: 66/77 MP: 15/15
 10666 | D:9      | Reached skill level 5 in Dodging
 10666 | D:9      | Reached skill level 9 in Unarmed Combat
 11017 | D:9      | Reached *** piety under Nemelex Xobeh
 11716 | D:10     | Entered Level 10 of the Dungeon
 11721 | D:10     | Noticed Snorg
 11735 | D:9      | HP: 1/77 [Snorg (4)]
 11735 | D:9      | Slain by Snorg

Illustrated notes

Levels and vault maps discovered:
D:1:      matt_arrival_los_fun, layout_basic, serial_shops,
          nicolae_shop_window_shopping, kennysheep_crisscross,
          minmay_misc_feat_diagonals, st_stairs_8, hex_tiny, minivault_4
D:2:      layout_loops_ring, serial_shops, shop, minmay_octomino_c4,
          uniq_terence
D:3:      kennysheep_big_flooded_room, layout_basic, lemuel_tele_altar,
          dreamdust_ecumenical_altar_grove
D:4:      layout_loops_ring, minmay_temple_entry_gardened_gates, serial_shops,
          nicolae_shop_hallway_stairs, nicolae_inconvenience_store
D:5:      layout_gridville, mainiacjoe_overflow_tiny_flanked,
          nzn_hepliaklqana_mist_gate, serial_shops, shop, lemuel_old_faithful
D:6:      layout_rooms, pf_just_have_faith, st_stairs_5
D:7:      layout_cave_pools, dk_noncrumbling_2, uniq_menkaure, uniq_duvessa,
          uniq_maggie
D:8:      layout_loops_ring, chequers_temple_overflow_statue_of_worship,
          gammafunk_ghost_wrathful_warriors, nicolae_two_hexagons,
          water_maze_lemuel
D:9:      layout_basic, old_standard_altar
D:10:     gammafunk_wand_slinger, layout_loops_cross,
          lemuel_zombie_altar_yredelemnul, david_lair_shrubbed, uniq_snorg
Temple:   dpeg_chambers_temple

Skill      XL: |  1  2  3  4  5  6  7  8  9 10 |
---------------+-------------------------------+-----
Unarmed Combat | 2 3 4 5 6 7 8 9 |  9.3
Shields        | 3 4 |  4.1
Invocations    | 2 3 5 7 |  7.6
Dodging        | 1 2 3 4 5 |  5.2
Fighting       | 4 5 6 |  6.6
Evocations     | 3 |  3.9
Armour         | |  2.6

Action                   |  1- 3 |  4- 6 |  7- 9 | 10-12 || total
-------------------------+-------+-------+-------+-------++-------
Melee: Unarmed           |   154 |   143 |   363 |    92 ||   752
       Kick              |    24 |    47 |   109 |    25 ||   205
 Fire: Hunting sling     |       |    33 |    36 |     9 ||    78
Throw: Stone             |    20 |    34 |     1 |       ||    55
Invok: Draw Summoning    |       |       |     1 |       ||     1
       Draw Destruction  |       |       |     6 |     5 ||    11
Evoke: Wand              |       |       |     9 |     1 ||    10
  Use: Potion            |     2 |       |       |       ||     2
       Scroll            |       |     6 |     4 |       ||    10
 Stab: Sleeping          |       |     1 |       |       ||     1
Armor: Scale mail        |    80 |       |       |       ||    80
       Robe              |       |    29 |    23 |       ||    52
       Steam dragon scal |       |       |    22 |     8 ||    30
Dodge: Dodged            |    81 |    52 |   119 |    37 ||   289
Block: Buckler           |    78 |    66 |   174 |    67 ||   385
       Reflection        |       |       |    10 |       ||    10

Table legend: (Time is in decaauts)
 A = Elapsed time spent in this place.
 B = Non-inter-level travel time spent in this place.
 C = Inter-level travel time spent in this place.
 D = Time resting spent in this place.
 E = Time spent auto-exploring this place.
 F = Levels seen in this place.
 G = Mean time per level.
                   A        B        C        D        E       F      G
               +--------+--------+--------+--------+--------+-----+--------+
         Total |  11671 |  10993 |    678 |   3710 |   5137 |  11 | 1061.0 |
       Dungeon |  11500 |  10842 |    658 |   3710 |   5002 |  10 | 1150.0 |
        Temple |    170 |    150 |     20 |      0 |    135 |   1 |  170.0 |
               +--------+--------+--------+--------+--------+-----+--------+

Top non-repeatable levels by time:
     D:5: 1988 daAuts
     D:1: 1779 daAuts
     D:9: 1371 daAuts
     D:6: 1287 daAuts
     D:8: 1123 daAuts
     D:4: 1081 daAuts
     D:2: 1060 daAuts
     D:3: 973 daAuts
     D:7: 822 daAuts
  Temple: 170 daAuts
    D:10: 12 daAuts
